Devils vs Maple Leafs
(R1)
Created - March 18, 2020 at 19:05
Goals
|
Devils |
2 |
3 |
2 |
7 |
Maple Leafs |
1 |
0 |
2 |
3 |
|
Shots
|
Devils |
6 |
25 |
6 |
37 |
Maple Leafs |
14 |
6 |
11 |
31 |
|
1st period
1. Maple Leafs , Taylor Hall 18 (Ben Smith 20, Kevin Shattenkirk 36) at 3:00
2. Devils , Tyler Bozak 6 (Rostislav Olesz 12, Anthony Stewart 7) at 10:42
3. Devils , Tyler Seguin 25 (Brenden Morrow 7, Travis Hamonic 20) at 18:15
Penalties :
Beau Bennett (Tor) for Holding Stick (Minor) at 16:47, Marian Hossa (NJD) for Hooking (Minor) at 18:01
2nd period
4. Devils , Johnny Gaudreau 40 (Tyler Seguin 30, Travis Hamonic 21) at 1:56
5. Devils , Johnny Gaudreau 41 (Viktor Arvidsson 16, Riley Sheahan 18) at 11:08 (PP)
6. Devils , Kevin Porter 6 (Jordan Caron 1, Tobias Enstrom 15) at 15:52
Penalties :
Kevin Shattenkirk (Tor) for Checking from behind (Minor) at 2:09, Jordan Staal (Tor) for Hooking (Minor) at 11:05, Kevin Shattenkirk (Tor) for Tripping (Minor) at 13:13, Jake Guentzel (Tor) for Close Hand On Puck (Minor) at 19:35
3rd period
7. Devils , Riley Sheahan 8 (Viktor Arvidsson 17, Johnny Gaudreau 38) at 2:04
8. Devils , Rostislav Olesz 9 (Unassisted) at 10:39
9. Maple Leafs , Ben Smith 16 (Brayden Schenn 22, Taylor Hall 31) at 17:25
10. Maple Leafs , Brayden Schenn 18 (Ben Smith 21, Kyle Clifford 22) at 18:17 (PP)
Penalties :
Kyle Clifford (Tor) for Holding (Minor) at 6:53, Radko Gudas (NJD) for High sticking (Minor) at 11:04, Viktor Arvidsson (NJD) for Hooking (Minor) at 17:34
Goalie Stats
Keith Kinkaid (NJD), 28 saves from 31 shots - (0.903), W, 9-8-0, 60:00 minutes
Marc-André Fleury (Tor), 12 saves from 16 shots - (0.750), L, 22-19-7, 31:08 minutes
Tyler Weiman (Tor), 18 saves from 21 shots - (0.857), 28:52 minutes
Players Stats for Devils
Player Name G A P +/- PIM S H SB GA TA FO MP PP MP PK MP
------------------------------------------------------------------------------------
Anthony Stewart 0 1 1 2 0 0 0 0 1 0 1/1 7:07 0:10 0:00
Brady Skjei 0 0 0 3 0 3 0 2 1 2 0/0 25:15 5:24 0:47
Brenden Morrow 0 1 1 0 0 2 1 0 1 0 1/1 14:47 0:40 2:08
Brent Seabrook 0 0 0 0 0 1 1 2 0 0 0/0 22:10 3:49 2:37
Johnny Gaudreau 2 1 3 2 0 7 0 0 4 0 1/1 22:38 5:41 0:58
Jordan Caron 0 1 1 -1 0 1 3 0 2 0 0/0 10:55 0:00 0:00
Kellan Lain 0 0 0 0 0 3 1 0 0 0 1/1 15:30 3:12 0:22
Kevin Porter 1 0 1 -1 0 1 1 2 1 1 3/7 12:00 0:00 1:05
Ladislav Smid 0 0 0 1 0 0 1 1 0 0 0/0 11:05 0:00 1:56
Marian Hossa 0 0 0 0 2 0 0 0 0 1 1/1 15:26 3:11 0:00
Radko Gudas 0 0 0 -1 2 2 2 6 0 0 0/0 20:13 3:49 1:10
Riley Sheahan 1 1 2 1 0 4 0 0 0 0 14/22 20:48 5:19 2:36
Rostislav Olesz 1 1 2 2 0 0 0 1 0 0 0/0 7:21 0:22 0:00
Tobias Enstrom 0 1 1 1 0 0 0 0 0 0 0/0 13:22 0:00 1:19
Travis Hamonic 0 2 2 4 0 1 0 1 0 4 0/0 28:11 5:24 0:03
Tyler Bozak 1 0 1 1 0 3 2 0 0 0 2/5 6:56 0:00 0:00
Tyler Seguin 1 1 2 2 0 6 2 1 0 0 17/35 20:09 3:22 0:43
Viktor Arvidsson 0 2 2 2 2 3 3 0 1 0 1/3 21:22 5:41 0:00
Players Stats for Maple Leafs
Player Name G A P +/- PIM S H SB GA TA FO MP PP MP PK MP
------------------------------------------------------------------------------------
Beau Bennett 0 0 0 -1 2 2 1 0 1 0 0/0 11:58 0:06 0:00
Ben Smith 1 2 3 2 0 1 2 0 1 0 0/0 14:12 1:47 0:56
Blake Comeau 0 0 0 -1 0 0 0 0 0 1 0/0 6:42 0:02 0:00
Brayden Schenn 1 1 2 2 0 2 1 0 0 3 10/27 19:17 1:49 5:54
Braydon Coburn 0 0 0 -2 0 1 4 1 0 1 0/0 24:21 0:36 6:29
Eric Nystrom 0 0 0 -1 0 0 0 0 0 0 0/0 7:39 0:00 0:59
Hampus Lindholm 0 0 0 0 0 0 1 1 0 1 0/0 24:21 2:28 3:20
Jake Guentzel 0 0 0 -2 2 0 2 0 1 0 0/0 12:22 0:00 0:00
John Klingberg 0 0 0 -2 0 2 1 0 0 2 0/0 16:19 1:28 0:00
Jordan Staal 0 0 0 -4 2 5 0 0 0 0 18/35 21:14 2:07 2:24
Kevin Shattenkirk 0 1 1 -1 4 1 1 4 1 0 0/0 26:18 2:17 1:51
Kyle Clifford 0 1 1 -2 2 4 2 0 1 0 0/1 22:10 1:47 4:55
Marc-Édouard Vlasic 0 0 0 -1 0 1 1 1 0 0 0/0 12:22 1:03 0:53
Mika Zibanejad 0 0 0 -1 0 3 1 0 0 0 4/8 12:25 0:00 0:32
Nate Thompson 0 0 0 -1 0 0 0 0 0 1 2/4 6:40 0:00 0:00
Patrick Kane 0 0 0 -4 0 4 3 1 1 2 1/2 21:08 2:07 2:17
Ryan Parent 0 0 0 -2 0 1 0 1 0 0 0/0 16:31 0:00 5:53
Taylor Hall 1 1 2 2 0 4 0 1 2 0 0/0 13:57 2:03 0:29
3 Stars
1 - Johnny Gaudreau (NJD)
2 - Tyler Seguin (NJD)
3 - Rostislav Olesz (NJD)
Power Play
Devils - 1 on 6 Attempt(s) - 16.67%
Maple Leafs - 1 on 3 Attempt(s) - 33.33%
Penalty Kill
Devils - 2 on 3 Attempt(s) - 66.67%
- Score 0 goal in Penalty Kill
Maple Leafs - 5 on 6 Attempt(s) - 83.33%
- Score 0 goal in Penalty Kill
Team Stat
Devils - Hits : 17 - Faceoff Wins : 42 - Blocked Shots : 16 - Penalty Minutes : 6
Maple Leafs - Hits : 20 - Faceoff Wins : 35 - Blocked Shots : 10 - Penalty Minutes : 12
Official
Referees : Unknown
Linesman : Unknown
Game Notes
Tyler Weiman enters game at 11:08 of 2nd period
10:39 of 3rd period - Penalty Shot by Rostislav Olesz for Devils - Goal!
Finance
Level 1 -- Attendance: 4701 (78.35%) -- Ticket Income $517,110
Level 2 -- Attendance: 4060 (81.20%) -- Ticket Income $284,200
Level 3 -- Attendance: 1641 (82.05%) -- Ticket Income $75,486
Level 4 -- Attendance: 3250 (81.25%) -- Ticket Income $97,500
Luxury Box -- Attendance: 1000 (100.00%) -- Ticket Income $180,000
Game was played at the Maple Leafs Garden.
Total Attendance: 14652 (81.40%)
Total Ticket Income: $1,154,296
Other Income: $173,144
Total Income: $1,327,440
Devils
5 vs 5 Forward
Center Left Wing Right Wing Time % Phy DF OF
1 Tyler Seguin Johnny Gaudreau Viktor Arvidsson 40 0 2 3
2 Riley Sheahan Kellan Lain Marian Hossa 30 1 2 2
3 Kevin Porter Brenden Morrow Jordan Caron 20 1 2 2
4 Tyler Bozak Rostislav Olesz Anthony Stewart 10 1 2 2
5 vs 5 Defense
Defense Defense Time % Phy DF OF
1 Travis Hamonic Brady Skjei 40 1 2 2
2 Brent Seabrook Radko Gudas 30 1 2 2
3 Ladislav Smid Tobias Enstrom 20 1 2 2
4 Travis Hamonic Tobias Enstrom 10 1 2 2
PowerPlay Forward
Center Left Wing Right Wing Time % Phy DF OF
1 Riley Sheahan Johnny Gaudreau Viktor Arvidsson 60 1 2 2
2 Tyler Seguin Kellan Lain Marian Hossa 40 1 2 2
PowerPlay Defense
Defense Defense Time % Phy DF OF
1 Travis Hamonic Brady Skjei 60 1 2 2
2 Radko Gudas Brent Seabrook 40 1 2 2
Penalty Kill 4 Players Forward
Center Wing Time % Phy DF OF
1 Riley Sheahan Brenden Morrow 60 1 2 2
2 Kevin Porter Kellan Lain 40 1 2 2
Penalty Kill 4 Players Defense
Defense Defense Time % Phy DF OF
1 Brent Seabrook Radko Gudas 60 1 2 2
2 Tobias Enstrom Ladislav Smid 40 1 2 2
Penalty Kill - 3 Players Forward
Forward Time % Phy DF OF
1 Brenden Morrow 60 1 2 2
2 Kevin Porter 40 1 2 2
Penalty Kill - 3 Players Defense
Defense Defense Time % Phy DF OF
1 Travis Hamonic Brent Seabrook 60 1 2 2
2 Tobias Enstrom Ladislav Smid 40 1 2 2
4 vs 4 Forward
Center Wing Time % Phy DF OF
1 Tyler Seguin Brenden Morrow 60 1 2 2
2 Riley Sheahan Viktor Arvidsson 40 1 2 2
4 vs 4 Defense
Defense Defense Time % Phy DF OF
1 Travis Hamonic Brent Seabrook 60 1 2 2
2 Tobias Enstrom Brady Skjei 40 1 2 2
Last Minutes Offensive
Center Left Wing Right Wing Defense Defense
Tyler Seguin Johnny Gaudreau Viktor Arvidsson Travis Hamonic Brent Seabrook
Last Minutes Defensive
Center Left Wing Right Wing Defense Defense
Riley Sheahan Brenden Morrow Marian Hossa Travis Hamonic Brent Seabrook
Goaltenders
Starting : Keith Kinkaid
Backup : Antti Niemi
Extra Forwards
Normal : Riley Sheahan, Rostislav Olesz, Kevin Porter - PP : Brenden Morrow, Rostislav Olesz - PK : Kevin Porter
Extra Defensemen
Normal : Brady Skjei, Ladislav Smid, Radko Gudas - PP : Brady Skjei - PK : Ladislav Smid, Tobias Enstrom
Penalty Shots
Tyler Seguin, Viktor Arvidsson, Johnny Gaudreau, Riley Sheahan, Marian Hossa
Scratches
Brandon Burlon (Healthy)
Maple Leafs
5 vs 5 Forward
Center Left Wing Right Wing Time % Phy DF OF
1 Jordan Staal Kyle Clifford Patrick Kane 40 1 1 3
2 Brayden Schenn Taylor Hall Ben Smith 30 1 2 2
3 Mika Zibanejad Jake Guentzel Beau Bennett 20 1 2 2
4 Nate Thompson Eric Nystrom Blake Comeau 10 1 3 1
5 vs 5 Defense
Defense Defense Time % Phy DF OF
1 Kevin Shattenkirk Hampus Lindholm 40 1 2 2
2 John Klingberg Braydon Coburn 30 1 2 2
3 Ryan Parent Marc-Édouard Vlasic 20 1 2 2
4 Kevin Shattenkirk Braydon Coburn 10 1 2 2
PowerPlay Forward
Center Left Wing Right Wing Time % Phy DF OF
1 Jordan Staal Taylor Hall Patrick Kane 60 0 1 4
2 Brayden Schenn Kyle Clifford Ben Smith 40 0 1 4
PowerPlay Defense
Defense Defense Time % Phy DF OF
1 Kevin Shattenkirk Hampus Lindholm 60 0 1 4
2 Marc-Édouard Vlasic John Klingberg 40 0 1 4
Penalty Kill 4 Players Forward
Center Wing Time % Phy DF OF
1 Brayden Schenn Kyle Clifford 60 1 3 1
2 Jordan Staal Patrick Kane 40 1 3 1
Penalty Kill 4 Players Defense
Defense Defense Time % Phy DF OF
1 Braydon Coburn Ryan Parent 60 1 3 1
2 Kevin Shattenkirk Hampus Lindholm 40 1 3 1
Penalty Kill - 3 Players Forward
Forward Time % Phy DF OF
1 Brayden Schenn 60 1 4 0
2 Taylor Hall 40 1 4 0
Penalty Kill - 3 Players Defense
Defense Defense Time % Phy DF OF
1 Braydon Coburn Ryan Parent 60 1 4 0
2 Kevin Shattenkirk Hampus Lindholm 40 1 4 0
4 vs 4 Forward
Center Wing Time % Phy DF OF
1 Jordan Staal Patrick Kane 60 1 2 2
2 Brayden Schenn Taylor Hall 40 1 2 2
4 vs 4 Defense
Defense Defense Time % Phy DF OF
1 Kevin Shattenkirk John Klingberg 60 1 2 2
2 Braydon Coburn Ryan Parent 40 1 2 2
Last Minutes Offensive
Center Left Wing Right Wing Defense Defense
Jordan Staal Taylor Hall Patrick Kane Kevin Shattenkirk Hampus Lindholm
Last Minutes Defensive
Center Left Wing Right Wing Defense Defense
Jordan Staal Eric Nystrom Patrick Kane Braydon Coburn Ryan Parent
Goaltenders
Starting : Marc-André Fleury
Backup : Tyler Weiman
Extra Forwards
Normal : Taylor Hall, Mika Zibanejad, Patrick Kane - PP : Brayden Schenn, Ben Smith - PK : Ben Smith
Extra Defensemen
Normal : Hampus Lindholm, Braydon Coburn, Kevin Shattenkirk - PP : John Klingberg - PK : Ryan Parent, Kevin Shattenkirk
Penalty Shots
Patrick Kane, Jordan Staal, Taylor Hall, Brayden Schenn, John Klingberg
Scratches
None
% Time on Ice - Devils
Lines # - Real PCT - Wanted PCT - Time Play
Normal Forward
1 - 35% - 40% - 16:18
2 - 26% - 30% - 11:56
3 - 24% - 20% - 10:55
4 - 15% - 10% - 6:57
Normal Defense
1 - 42% - 40% - 19:30
2 - 32% - 30% - 14:33
3 - 20% - 20% - 9:08
4 - 6% - 10% - 2:55
PP Forward
1 - 63% - 60% - 5:51
2 - 37% - 40% - 3:22
PP Defense
1 - 59% - 60% - 5:24
2 - 41% - 40% - 3:49
PK Forward
1 - 91% - 60% - 3:34
2 - 9% - 40% - 0:22
PK Defense
1 - 81% - 60% - 3:12
2 - 19% - 40% - 0:44
PK3 Forward
1 - 0% - 60%
2 - 0% - 40%
PK3 Defense
1 - 0% - 60%
2 - 0% - 40%
44 Forward
1 - 100% - 60% - 0:45
2 - 0% - 40% - 0:00
44 Defense
1 - 100% - 60% - 0:45
2 - 0% - 40% - 0:00
Last Minute Offensive - 0:00
Last Minute Defensive - 0:00
Total
Forward - 60:00
Defense - 60:00
|
% Time on Ice - Maple Leafs
Lines # - Real PCT - Wanted PCT - Time Play
Normal Forward
1 - 35% - 40% - 16:06
2 - 25% - 30% - 11:27
3 - 26% - 20% - 11:53
4 - 14% - 10% - 6:40
Normal Defense
1 - 40% - 40% - 18:21
2 - 32% - 30% - 14:56
3 - 22% - 20% - 10:00
4 - 6% - 10% - 2:49
PP Forward
1 - 55% - 60% - 2:09
2 - 45% - 40% - 1:47
PP Defense
1 - 73% - 60% - 2:53
2 - 27% - 40% - 1:03
PK Forward
1 - 75% - 60% - 6:56
2 - 25% - 40% - 2:17
PK Defense
1 - 64% - 60% - 5:53
2 - 36% - 40% - 3:20
PK3 Forward
1 - 0% - 60%
2 - 0% - 40%
PK3 Defense
1 - 0% - 60%
2 - 0% - 40%
44 Forward
1 - 100% - 60% - 0:45
2 - 0% - 40% - 0:00
44 Defense
1 - 100% - 60% - 0:45
2 - 0% - 40% - 0:00
Last Minute Offensive - 0:00
Last Minute Defensive - 0:00
Total
Forward - 60:00
Defense - 60:00
|
Play-by-Play
1st period
0:01 of 1st period - Jordan Staal wins face-off versus Tyler Seguin in neutral zone.
0:52 of 1st period - Snap shot by Mika Zibanejad.
0:52 of 1st period - Shot Blocked by Radko Gudas.
0:54 of 1st period - Snap shot by Kevin Shattenkirk.
0:54 of 1st period - Shot Blocked by Kevin Porter.
0:56 of 1st period - Slapshot by Kevin Shattenkirk.
0:56 of 1st period - Shot Blocked by Radko Gudas.
1:44 of 1st period - Snap shot by Johnny Gaudreau.
1:44 of 1st period - Shot Misses the Net.
1:58 of 1st period - Snap shot by Taylor Hall.
1:58 of 1st period - Shot Blocked by Ladislav Smid.
2:00 of 1st period - Slapshot by Braydon Coburn.
2:00 of 1st period - Stopped by Keith Kinkaid without a rebound.
2:01 of 1st period - Mika Zibanejad wins face-off versus Tyler Seguin in Devils zone.
2:58 of 1st period - Slapshot by Kevin Shattenkirk.
2:58 of 1st period - Stopped by Keith Kinkaid with a rebound.
3:00 of 1st period - Slapshot by Ben Smith.
3:00 of 1st period - Deflect By Taylor Hall.
3:00 of 1st period - Goal by Taylor Hall - Devils : 0 - Maple Leafs : 1.
3:01 of 1st period - Viktor Arvidsson wins face-off versus Jordan Staal in neutral zone.
4:25 of 1st period - Icing by Kyle Clifford.
4:26 of 1st period - Tyler Seguin wins face-off versus Jordan Staal in Maple Leafs zone.
4:35 of 1st period - Slapshot by Kyle Clifford.
4:35 of 1st period - Shot Blocked by Brady Skjei.
4:39 of 1st period - Wrist shot by Kyle Clifford.
4:39 of 1st period - Stopped by Keith Kinkaid without a rebound.
4:40 of 1st period - Brayden Schenn wins face-off versus Tyler Seguin in Devils zone.
4:53 of 1st period - Snap shot by Tyler Seguin.
4:53 of 1st period - Stopped by Marc-André Fleury without a rebound.
4:54 of 1st period - Tyler Seguin wins face-off versus Jordan Staal in Maple Leafs zone.
5:19 of 1st period - Kellan Lain is hit by John Klingberg and loses puck.
5:47 of 1st period - Braydon Coburn is hit by Tyler Bozak and loses puck.
6:08 of 1st period - Snap shot by Tyler Seguin.
6:08 of 1st period - Shot Misses the Net.
6:31 of 1st period - Icing by Jordan Staal.
6:32 of 1st period - Jordan Staal wins face-off versus Kevin Porter in Maple Leafs zone.
7:01 of 1st period - Slapshot by Patrick Kane.
7:01 of 1st period - Shot Blocked by Travis Hamonic.
7:38 of 1st period - Icing by Kyle Clifford.
7:39 of 1st period - Jordan Staal wins face-off versus Tyler Seguin in Maple Leafs zone.
8:09 of 1st period - Rostislav Olesz is hit by Patrick Kane and loses puck.
8:14 of 1st period - Wrist shot by Kyle Clifford.
8:14 of 1st period - Stopped by Keith Kinkaid without a rebound.
8:15 of 1st period - Brayden Schenn wins face-off versus Riley Sheahan in Devils zone.
8:24 of 1st period - Snap shot by Taylor Hall.
8:24 of 1st period - Stopped by Keith Kinkaid with a rebound.
8:40 of 1st period - Viktor Arvidsson is hit by Beau Bennett and loses puck.
9:00 of 1st period - Off-side.
9:01 of 1st period - Nate Thompson wins face-off versus Tyler Bozak in neutral zone.
10:42 of 1st period - Slapshot by Tyler Bozak.
10:42 of 1st period - Goal by Tyler Bozak - Devils : 1 - Maple Leafs : 1.
10:43 of 1st period - Tyler Seguin wins face-off versus Brayden Schenn in neutral zone.
10:46 of 1st period - Wrist shot by Johnny Gaudreau.
10:46 of 1st period - Stopped by Marc-André Fleury without a rebound.
10:47 of 1st period - Tyler Seguin wins face-off versus Brayden Schenn in Maple Leafs zone.
11:34 of 1st period - Slapshot by Mika Zibanejad.
11:34 of 1st period - Shot Blocked by Radko Gudas.
11:40 of 1st period - Snap shot by Mika Zibanejad.
11:40 of 1st period - Deflect By Radko Gudas.
11:40 of 1st period - Shot Blocked by Radko Gudas.
11:40 of 1st period - Puck is out of play.
11:41 of 1st period - Mika Zibanejad wins face-off versus Tyler Seguin in Devils zone.
11:44 of 1st period - Snap shot by Jake Guentzel.
11:44 of 1st period - Shot Blocked by Brent Seabrook.
11:56 of 1st period - Snap shot by Tyler Seguin.
11:56 of 1st period - Shot Blocked by Marc-Édouard Vlasic.
12:06 of 1st period - Mika Zibanejad is hit by Radko Gudas and loses puck.
12:37 of 1st period - Snap shot by Kellan Lain.
12:37 of 1st period - Stopped by Marc-André Fleury with a rebound.
12:51 of 1st period - Wrist shot by Patrick Kane.
12:51 of 1st period - Shot Misses the Net.
12:53 of 1st period - Snap shot by Patrick Kane.
12:53 of 1st period - Stopped by Keith Kinkaid with a rebound.
12:55 of 1st period - Slapshot by Kyle Clifford.
12:55 of 1st period - Deflect By Viktor Arvidsson.
12:55 of 1st period - Shot Blocked by Tyler Seguin.
12:55 of 1st period - Puck is out of play.
12:56 of 1st period - Riley Sheahan wins face-off versus Brayden Schenn in Devils zone.
13:05 of 1st period - Snap shot by Kellan Lain.
13:05 of 1st period - Shot Misses the Net.
13:07 of 1st period - Backhand shot by Marian Hossa.
13:07 of 1st period - Deflect By Kellan Lain.
13:07 of 1st period - Shot Misses the Net.
13:07 of 1st period - Puck is out of play.
13:08 of 1st period - Jordan Staal wins face-off versus Tyler Seguin in Maple Leafs zone.
13:08 of 1st period - Jordan Staal is hit by Viktor Arvidsson.
13:34 of 1st period - Marian Hossa is hit by Kevin Shattenkirk and loses puck.
13:46 of 1st period - Icing by Brady Skjei.
13:47 of 1st period - Jordan Staal wins face-off versus Riley Sheahan in Devils zone.
14:24 of 1st period - Wrist shot by Tyler Seguin.
14:24 of 1st period - Shot Blocked by Taylor Hall.
14:38 of 1st period - Snap shot by Mika Zibanejad.
14:38 of 1st period - Stopped by Keith Kinkaid with a rebound.
14:40 of 1st period - Snap shot by John Klingberg.
14:40 of 1st period - Shot Blocked by Kevin Porter.
14:42 of 1st period - Slapshot by Jake Guentzel.
14:42 of 1st period - Deflect By Mika Zibanejad.
14:42 of 1st period - Stopped by Keith Kinkaid without a rebound.
14:43 of 1st period - Tyler Seguin wins face-off versus Patrick Kane in Devils zone.
14:50 of 1st period - Snap shot by Johnny Gaudreau.
14:50 of 1st period - Shot Blocked by Patrick Kane.
14:58 of 1st period - Wrist shot by Kyle Clifford.
14:58 of 1st period - Stopped by Keith Kinkaid with a rebound.
15:00 of 1st period - Slapshot by Hampus Lindholm.
15:00 of 1st period - Deflect By Jordan Staal.
15:00 of 1st period - Stopped by Keith Kinkaid with a rebound.
15:18 of 1st period - Snap shot by Beau Bennett.
15:18 of 1st period - Stopped by Keith Kinkaid without a rebound.
15:19 of 1st period - Brayden Schenn wins face-off versus Riley Sheahan in Devils zone.
15:48 of 1st period - Wrist shot by Patrick Kane.
15:48 of 1st period - Stopped by Keith Kinkaid with a rebound.
15:59 of 1st period - Icing by Tobias Enstrom.
16:00 of 1st period - Kevin Porter wins face-off versus Brayden Schenn in Devils zone.
16:47 of 1st period - Minor Penalty to Beau Bennett for Holding Stick.
16:48 of 1st period - Riley Sheahan wins face-off versus Brayden Schenn in Maple Leafs zone.
16:54 of 1st period - Snap shot by Viktor Arvidsson.
16:54 of 1st period - Stopped by Marc-André Fleury without a rebound.
16:55 of 1st period - Brayden Schenn wins face-off versus Viktor Arvidsson in Maple Leafs zone.
17:26 of 1st period - Snap shot by Tyler Seguin.
17:26 of 1st period - Deflect By Kellan Lain.
17:26 of 1st period - Shot Blocked by Kevin Shattenkirk.
17:26 of 1st period - Puck is out of play.
17:27 of 1st period - Tyler Seguin wins face-off versus Brayden Schenn in Maple Leafs zone.
17:32 of 1st period - Wrist shot by Kellan Lain.
17:32 of 1st period - Shot Misses the Net.
17:47 of 1st period - Icing by Marian Hossa.
17:48 of 1st period - Patrick Kane wins face-off versus Tyler Seguin in Devils zone.
17:59 of 1st period - Snap shot by Jordan Staal.
17:59 of 1st period - Stopped by Keith Kinkaid with a rebound.
18:01 of 1st period - Minor Penalty to Marian Hossa for Hooking.
18:02 of 1st period - Jordan Staal wins face-off versus Tyler Seguin in Devils zone.
18:09 of 1st period - Slapshot by Travis Hamonic.
18:09 of 1st period - Shot Blocked by Kevin Shattenkirk.
18:15 of 1st period - Snap shot by Tyler Seguin.
18:15 of 1st period - Goal by Tyler Seguin - Devils : 2 - Maple Leafs : 1.
18:16 of 1st period - Jordan Staal wins face-off versus Tyler Seguin in neutral zone.
18:47 of 1st period - Penalty to Beau Bennett is over, Beau Bennett is back on ice.
Goals for this period are 2 for Devils vs 1 for Maple Leafs.
Shots for this period are 6 for Devils vs 14 for Maple Leafs.
2nd period
0:01 of 2nd period - Penalty to Marian Hossa is over, Marian Hossa is back on ice.
0:01 of 2nd period - Brenden Morrow wins face-off versus Jordan Staal in neutral zone.
0:12 of 2nd period - Snap shot by Brenden Morrow.
0:12 of 2nd period - Stopped by Marc-André Fleury with a rebound.
0:14 of 2nd period - Backhand shot by Marian Hossa.
0:14 of 2nd period - Shot Misses the Net.
0:16 of 2nd period - Slapshot by Radko Gudas.
0:16 of 2nd period - Deflect By Taylor Hall.
0:16 of 2nd period - Stopped by Marc-André Fleury with a rebound.
0:32 of 2nd period - Off-side.
0:33 of 2nd period - Tyler Seguin wins face-off versus Brayden Schenn in neutral zone.
0:36 of 2nd period - Snap shot by Tyler Seguin.
0:36 of 2nd period - Deflect By Ben Smith.
0:36 of 2nd period - Shot Misses the Net.
0:36 of 2nd period - Puck is out of play.
0:37 of 2nd period - Tyler Seguin wins face-off versus Brayden Schenn in Maple Leafs zone.
1:52 of 2nd period - Wrist shot by Tyler Seguin.
1:52 of 2nd period - Stopped by Marc-André Fleury with a rebound.
1:54 of 2nd period - Wrist shot by Johnny Gaudreau.
1:54 of 2nd period - Shot Misses the Net.
1:56 of 2nd period - Snap shot by Johnny Gaudreau.
1:56 of 2nd period - Goal by Johnny Gaudreau - Devils : 3 - Maple Leafs : 1.
1:57 of 2nd period - Tyler Seguin wins face-off versus Jordan Staal in neutral zone.
2:09 of 2nd period - Minor Penalty to Kevin Shattenkirk for Checking from behind.
2:10 of 2nd period - Riley Sheahan wins face-off versus Brayden Schenn in Maple Leafs zone.
2:56 of 2nd period - Viktor Arvidsson is hit by Patrick Kane and loses puck.
3:27 of 2nd period - Snap shot by Johnny Gaudreau.
3:27 of 2nd period - Deflect By Riley Sheahan.
3:27 of 2nd period - Stopped by Marc-André Fleury without a rebound.
3:28 of 2nd period - Kellan Lain wins face-off versus Brayden Schenn in Maple Leafs zone.
3:29 of 2nd period - Snap shot by Marian Hossa.
3:29 of 2nd period - Shot Blocked by Ryan Parent.
3:33 of 2nd period - Wrist shot by Kellan Lain.
3:33 of 2nd period - Shot Misses the Net.
3:35 of 2nd period - Slapshot by Tyler Seguin.
3:35 of 2nd period - Shot Misses the Net.
3:37 of 2nd period - Wrist shot by Kellan Lain.
3:37 of 2nd period - Shot Misses the Net.
3:39 of 2nd period - Slapshot by Tyler Seguin.
3:39 of 2nd period - Stopped by Marc-André Fleury without a rebound.
3:40 of 2nd period - Tyler Seguin wins face-off versus Brayden Schenn in Maple Leafs zone.
3:41 of 2nd period - Wrist shot by Marian Hossa.
3:41 of 2nd period - Shot Misses the Net.
3:43 of 2nd period - Wrist shot by Tyler Seguin.
3:43 of 2nd period - Shot Blocked by Braydon Coburn.
3:45 of 2nd period - Snap shot by Tyler Seguin.
3:45 of 2nd period - Deflect By Kellan Lain.
3:45 of 2nd period - Stopped by Marc-André Fleury with a rebound.
3:47 of 2nd period - Slapshot by Brent Seabrook.
3:47 of 2nd period - Shot Misses the Net.
3:49 of 2nd period - Snap shot by Tyler Seguin.
3:49 of 2nd period - Shot Misses the Net.
3:51 of 2nd period - Snap shot by Radko Gudas.
3:51 of 2nd period - Stopped by Marc-André Fleury without a rebound.
3:52 of 2nd period - Brayden Schenn wins face-off versus Tyler Seguin in Maple Leafs zone.
4:09 of 2nd period - Penalty to Kevin Shattenkirk is over, Kevin Shattenkirk is back on ice.
4:16 of 2nd period - Off-side.
4:17 of 2nd period - Kevin Porter wins face-off versus Mika Zibanejad in neutral zone.
4:22 of 2nd period - Wrist shot by Kevin Porter.
4:22 of 2nd period - Shot Blocked by Kevin Shattenkirk.
4:43 of 2nd period - Nate Thompson is hit by Tyler Seguin and loses puck.
4:50 of 2nd period - Wrist shot by Tyler Seguin.
4:50 of 2nd period - Shot Misses the Net.
5:57 of 2nd period - Wrist shot by Patrick Kane.
5:57 of 2nd period - Deflect By Jordan Staal.
5:57 of 2nd period - Stopped by Keith Kinkaid without a rebound.
5:58 of 2nd period - Jordan Staal wins face-off versus Tyler Seguin in Devils zone.
7:29 of 2nd period - Tobias Enstrom is hit by Brayden Schenn and loses puck.
8:34 of 2nd period - Snap shot by Jake Guentzel.
8:34 of 2nd period - Deflect By Riley Sheahan.
8:34 of 2nd period - Shot Misses the Net.
8:34 of 2nd period - Puck is out of play.
8:35 of 2nd period - Riley Sheahan wins face-off versus Mika Zibanejad in Devils zone.
9:19 of 2nd period - Wrist shot by Mika Zibanejad.
9:19 of 2nd period - Shot Misses the Net.
9:31 of 2nd period - Snap shot by Johnny Gaudreau.
9:31 of 2nd period - Shot Misses the Net.
9:33 of 2nd period - Slapshot by Tyler Seguin.
9:33 of 2nd period - Stopped by Marc-André Fleury without a rebound.
9:34 of 2nd period - Riley Sheahan wins face-off versus Jordan Staal in Maple Leafs zone.
9:37 of 2nd period - Wrist shot by Riley Sheahan.
9:37 of 2nd period - Shot Misses the Net.
9:45 of 2nd period - Slapshot by Jordan Staal.
9:45 of 2nd period - Stopped by Keith Kinkaid with a rebound.
9:49 of 2nd period - Snap shot by Patrick Kane.
9:49 of 2nd period - Shot Blocked by Radko Gudas.
9:51 of 2nd period - Slapshot by Kevin Shattenkirk.
9:51 of 2nd period - Shot Blocked by Brent Seabrook.
10:22 of 2nd period - Off-side.
10:23 of 2nd period - Nate Thompson wins face-off versus Kevin Porter in neutral zone.
10:36 of 2nd period - John Klingberg is hit by Kevin Porter and loses puck.
10:50 of 2nd period - Icing by John Klingberg.
10:51 of 2nd period - Tyler Seguin wins face-off versus Jordan Staal in Maple Leafs zone.
11:05 of 2nd period - Minor Penalty to Jordan Staal for Hooking.
11:06 of 2nd period - Riley Sheahan wins face-off versus Brayden Schenn in Maple Leafs zone.
11:08 of 2nd period - Snap shot by Johnny Gaudreau.
11:08 of 2nd period - Goal by Johnny Gaudreau - Devils : 4 - Maple Leafs : 1.
11:08 of 2nd period - Tyler Weiman enters game.
11:09 of 2nd period - Jordan Staal wins face-off versus Viktor Arvidsson in neutral zone.
11:12 of 2nd period - Wrist shot by Kyle Clifford.
11:12 of 2nd period - Stopped by Keith Kinkaid with a rebound.
11:14 of 2nd period - Slapshot by Hampus Lindholm.
11:14 of 2nd period - Shot Misses the Net.
11:16 of 2nd period - Backhand shot by Patrick Kane.
11:16 of 2nd period - Shot Misses the Net.
11:18 of 2nd period - Slapshot by Kevin Shattenkirk.
11:18 of 2nd period - Deflect By Patrick Kane.
11:18 of 2nd period - Shot Misses the Net.
11:18 of 2nd period - Puck is out of play.
11:19 of 2nd period - Johnny Gaudreau wins face-off versus Jordan Staal in Devils zone.
11:51 of 2nd period - Off-side.
11:52 of 2nd period - Riley Sheahan wins face-off versus Brayden Schenn in neutral zone.
11:57 of 2nd period - Marian Hossa is hit by Braydon Coburn and loses puck.
12:18 of 2nd period - Beau Bennett is hit by Jordan Caron and loses puck.
12:39 of 2nd period - Backhand shot by Tyler Bozak.
12:39 of 2nd period - Shot Misses the Net.
12:41 of 2nd period - Snap shot by Tyler Bozak.
12:41 of 2nd period - Stopped by Tyler Weiman without a rebound.
12:42 of 2nd period - Tyler Bozak wins face-off versus Nate Thompson in Maple Leafs zone.
12:53 of 2nd period - Wrist shot by Anthony Stewart.
12:53 of 2nd period - Deflect By Tyler Bozak.
12:53 of 2nd period - Stopped by Tyler Weiman without a rebound.
12:54 of 2nd period - Jordan Staal wins face-off versus Tyler Seguin in Maple Leafs zone.
12:56 of 2nd period - Icing by Kyle Clifford.
12:57 of 2nd period - Jordan Staal wins face-off versus Tyler Seguin in Maple Leafs zone.
13:10 of 2nd period - Slapshot by Jordan Staal.
13:10 of 2nd period - Stopped by Keith Kinkaid with a rebound.
13:13 of 2nd period - Minor Penalty to Kevin Shattenkirk for Tripping.
13:14 of 2nd period - Riley Sheahan wins face-off versus Brayden Schenn in Maple Leafs zone.
13:21 of 2nd period - Wrist shot by Johnny Gaudreau.
13:21 of 2nd period - Stopped by Tyler Weiman with a rebound.
13:23 of 2nd period - Slapshot by Brady Skjei.
13:23 of 2nd period - Stopped by Tyler Weiman without a rebound.
13:24 of 2nd period - Brayden Schenn wins face-off versus Riley Sheahan in Maple Leafs zone.
13:43 of 2nd period - Backhand shot by Viktor Arvidsson.
13:43 of 2nd period - Shot Misses the Net.
13:45 of 2nd period - Wrist shot by Johnny Gaudreau.
13:45 of 2nd period - Shot Misses the Net.
13:47 of 2nd period - Wrist shot by Viktor Arvidsson.
13:47 of 2nd period - Stopped by Tyler Weiman with a rebound.
13:49 of 2nd period - Slapshot by Travis Hamonic.
13:49 of 2nd period - Stopped by Tyler Weiman with a rebound.
13:51 of 2nd period - Wrist shot by Riley Sheahan.
13:51 of 2nd period - Stopped by Tyler Weiman with a rebound.
13:53 of 2nd period - Wrist shot by Viktor Arvidsson.
13:53 of 2nd period - Shot Misses the Net.
13:55 of 2nd period - Snap shot by Travis Hamonic.
13:55 of 2nd period - Shot Misses the Net.
14:21 of 2nd period - Slapshot by Johnny Gaudreau.
14:21 of 2nd period - Stopped by Tyler Weiman without a rebound.
14:22 of 2nd period - Jordan Staal wins face-off versus Tyler Seguin in Maple Leafs zone.
14:22 of 2nd period - Jordan Staal is hit by Tyler Seguin.
14:34 of 2nd period - Slapshot by Radko Gudas.
14:34 of 2nd period - Shot Misses the Net.
14:48 of 2nd period - Tyler Seguin is hit by Braydon Coburn and loses puck.
15:13 of 2nd period - Penalty to Kevin Shattenkirk is over, Kevin Shattenkirk is back on ice.
15:31 of 2nd period - Slapshot by Brady Skjei.
15:31 of 2nd period - Stopped by Tyler Weiman without a rebound.
15:32 of 2nd period - Kevin Porter wins face-off versus Mika Zibanejad in Maple Leafs zone.
15:35 of 2nd period - Snap shot by Brenden Morrow.
15:35 of 2nd period - Stopped by Tyler Weiman without a rebound.
15:36 of 2nd period - Mika Zibanejad wins face-off versus Kevin Porter in Maple Leafs zone.
15:36 of 2nd period - Mika Zibanejad is hit by Jordan Caron.
15:41 of 2nd period - Braydon Coburn is hit by Brenden Morrow and loses puck.
15:50 of 2nd period - Wrist shot by Kevin Porter.
15:50 of 2nd period - Shot Misses the Net.
15:52 of 2nd period - Slapshot by Kevin Porter.
15:52 of 2nd period - Goal by Kevin Porter - Devils : 5 - Maple Leafs : 1.
15:53 of 2nd period - Marian Hossa wins face-off versus Jordan Staal in neutral zone.
16:06 of 2nd period - Slapshot by Kellan Lain.
16:06 of 2nd period - Stopped by Tyler Weiman with a rebound.
16:08 of 2nd period - Slapshot by Radko Gudas.
16:08 of 2nd period - Deflect By Riley Sheahan.
16:08 of 2nd period - Shot Blocked by Kevin Shattenkirk.
16:08 of 2nd period - Puck is out of play.
16:09 of 2nd period - Tyler Seguin wins face-off versus Brayden Schenn in Maple Leafs zone.
16:18 of 2nd period - Slapshot by Taylor Hall.
16:18 of 2nd period - Shot Misses the Net.
16:34 of 2nd period - Marian Hossa is hit by Patrick Kane and loses puck.
17:17 of 2nd period - Snap shot by Brady Skjei.
17:17 of 2nd period - Stopped by Tyler Weiman with a rebound.
17:19 of 2nd period - Slapshot by Johnny Gaudreau.
17:19 of 2nd period - Stopped by Tyler Weiman without a rebound.
17:20 of 2nd period - Tyler Seguin wins face-off versus Mika Zibanejad in Maple Leafs zone.
17:21 of 2nd period - Slapshot by Johnny Gaudreau.
17:21 of 2nd period - Stopped by Tyler Weiman with a rebound.
17:59 of 2nd period - Wrist shot by Mika Zibanejad.
17:59 of 2nd period - Shot Blocked by Radko Gudas.
18:01 of 2nd period - Slapshot by Ryan Parent.
18:01 of 2nd period - Stopped by Keith Kinkaid without a rebound.
18:02 of 2nd period - Jordan Staal wins face-off versus Tyler Bozak in Devils zone.
18:32 of 2nd period - Off-side.
18:33 of 2nd period - Tyler Seguin wins face-off versus Brayden Schenn in neutral zone.
18:35 of 2nd period - Brent Seabrook is hit by Braydon Coburn and loses puck.
18:58 of 2nd period - Taylor Hall is hit by Jordan Caron and loses puck.
19:07 of 2nd period - Snap shot by Brayden Schenn.
19:07 of 2nd period - Stopped by Keith Kinkaid without a rebound.
19:08 of 2nd period - Tyler Seguin wins face-off versus Kyle Clifford in Devils zone.
19:08 of 2nd period - Tyler Seguin is hit by Kyle Clifford.
19:14 of 2nd period - Hampus Lindholm is hit by Viktor Arvidsson and loses puck.
19:21 of 2nd period - Johnny Gaudreau is hit by Kyle Clifford and loses puck.
19:35 of 2nd period - Minor Penalty to Jake Guentzel for Close Hand On Puck.
19:36 of 2nd period - Brayden Schenn wins face-off versus Riley Sheahan in Maple Leafs zone.
Goals for this period are 3 for Devils vs 0 for Maple Leafs.
Shots for this period are 25 for Devils vs 6 for Maple Leafs.
3rd period
0:01 of 3rd period - Riley Sheahan wins face-off versus Brayden Schenn in neutral zone.
0:55 of 3rd period - Wrist shot by Patrick Kane.
0:55 of 3rd period - Stopped by Keith Kinkaid with a rebound.
1:07 of 3rd period - Wrist shot by Riley Sheahan.
1:07 of 3rd period - Stopped by Tyler Weiman without a rebound.
1:08 of 3rd period - Brayden Schenn wins face-off versus Riley Sheahan in Maple Leafs zone.
1:18 of 3rd period - Icing by Brady Skjei.
1:19 of 3rd period - Riley Sheahan wins face-off versus Jordan Staal in Devils zone.
1:26 of 3rd period - Snap shot by Johnny Gaudreau.
1:26 of 3rd period - Shot Misses the Net.
1:35 of 3rd period - Penalty to Jake Guentzel is over, Jake Guentzel is back on ice.
2:00 of 3rd period - Snap shot by Johnny Gaudreau.
2:00 of 3rd period - Shot Misses the Net.
2:02 of 3rd period - Wrist shot by Viktor Arvidsson.
2:02 of 3rd period - Stopped by Tyler Weiman with a rebound.
2:04 of 3rd period - Snap shot by Riley Sheahan.
2:04 of 3rd period - Goal by Riley Sheahan - Devils : 6 - Maple Leafs : 1.
2:05 of 3rd period - Brayden Schenn wins face-off versus Kevin Porter in neutral zone.
2:16 of 3rd period - Brenden Morrow is hit by Ben Smith.
2:32 of 3rd period - Kevin Shattenkirk is hit by Kellan Lain and loses puck.
3:18 of 3rd period - Icing by Tyler Bozak.
3:19 of 3rd period - Tyler Bozak wins face-off versus Jordan Staal in Devils zone.
3:19 of 3rd period - Tyler Bozak is hit by Marc-Édouard Vlasic.
3:22 of 3rd period - Icing by Anthony Stewart.
3:23 of 3rd period - Jordan Staal wins face-off versus Tyler Bozak in Devils zone.
3:30 of 3rd period - Snap shot by Jordan Staal.
3:30 of 3rd period - Shot Blocked by Rostislav Olesz.
3:32 of 3rd period - Slapshot by Marc-Édouard Vlasic.
3:32 of 3rd period - Stopped by Keith Kinkaid without a rebound.
3:33 of 3rd period - Riley Sheahan wins face-off versus Jordan Staal in Devils zone.
4:23 of 3rd period - Snap shot by Brenden Morrow.
4:23 of 3rd period - Deflect By Kevin Porter.
4:23 of 3rd period - Deflect By Hampus Lindholm.
4:23 of 3rd period - Shot Misses the Net.
4:23 of 3rd period - Puck is out of play.
4:24 of 3rd period - Mika Zibanejad wins face-off versus Riley Sheahan in Maple Leafs zone.
4:47 of 3rd period - Slapshot by John Klingberg.
4:47 of 3rd period - Stopped by Keith Kinkaid with a rebound.
4:49 of 3rd period - Wrist shot by Mika Zibanejad.
4:49 of 3rd period - Shot Misses the Net.
5:03 of 3rd period - Slapshot by Brady Skjei.
5:03 of 3rd period - Shot Misses the Net.
5:11 of 3rd period - Kellan Lain is hit by Jake Guentzel and loses puck.
5:28 of 3rd period - Marian Hossa is hit by Braydon Coburn and loses puck.
5:44 of 3rd period - Slapshot by John Klingberg.
5:44 of 3rd period - Stopped by Keith Kinkaid with a rebound.
5:46 of 3rd period - Slapshot by Braydon Coburn.
5:46 of 3rd period - Shot Blocked by Brady Skjei.
6:04 of 3rd period - Wrist shot by Mika Zibanejad.
6:04 of 3rd period - Shot Misses the Net.
6:06 of 3rd period - Wrist shot by Mika Zibanejad.
6:06 of 3rd period - Stopped by Keith Kinkaid with a rebound.
6:08 of 3rd period - Wrist shot by Beau Bennett.
6:08 of 3rd period - Stopped by Keith Kinkaid without a rebound.
6:09 of 3rd period - Tyler Seguin wins face-off versus Jordan Staal in Devils zone.
6:40 of 3rd period - Slapshot by Brent Seabrook.
6:40 of 3rd period - Shot Misses the Net.
6:42 of 3rd period - Slapshot by Radko Gudas.
6:42 of 3rd period - Shot Blocked by Hampus Lindholm.
6:44 of 3rd period - Slapshot by Jordan Caron.
6:44 of 3rd period - Stopped by Tyler Weiman without a rebound.
6:45 of 3rd period - Jordan Staal wins face-off versus Tyler Seguin in Maple Leafs zone.
6:53 of 3rd period - Minor Penalty to Kyle Clifford for Holding.
6:54 of 3rd period - Brayden Schenn wins face-off versus Riley Sheahan in Maple Leafs zone.
6:59 of 3rd period - Snap shot by Johnny Gaudreau.
6:59 of 3rd period - Shot Misses the Net.
7:37 of 3rd period - Eric Nystrom is hit by Radko Gudas.
8:53 of 3rd period - Penalty to Kyle Clifford is over, Kyle Clifford is back on ice.
9:02 of 3rd period - Slapshot by Brent Seabrook.
9:02 of 3rd period - Stopped by Tyler Weiman with a rebound.
9:04 of 3rd period - Slapshot by Brenden Morrow.
9:04 of 3rd period - Shot Misses the Net.
9:18 of 3rd period - Kyle Clifford is hit by Tyler Bozak and loses puck.
10:39 of 3rd period - Penalty Shot by Rostislav Olesz for Devils.
10:39 of 3rd period - Snap shot by Rostislav Olesz.
10:39 of 3rd period - Goal by Rostislav Olesz - Devils : 7 - Maple Leafs : 1.
10:40 of 3rd period - Jordan Staal wins face-off versus Tyler Seguin in neutral zone.
10:41 of 3rd period - Jordan Staal wins face-off versus Tyler Seguin in Devils zone.
11:04 of 3rd period - Minor Penalty to Radko Gudas for High sticking.
11:05 of 3rd period - Riley Sheahan wins face-off versus Jordan Staal in Devils zone.
11:38 of 3rd period - Kyle Clifford is hit by Brent Seabrook and loses puck.
13:03 of 3rd period - John Klingberg is hit by Ladislav Smid and loses puck.
13:04 of 3rd period - Penalty to Radko Gudas is over, Radko Gudas is back on ice.
13:18 of 3rd period - Snap shot by Radko Gudas.
13:18 of 3rd period - Shot Misses the Net.
13:20 of 3rd period - Slapshot by Travis Hamonic.
13:20 of 3rd period - Deflect By Tyler Seguin.
13:20 of 3rd period - Stopped by Tyler Weiman without a rebound.
13:21 of 3rd period - Anthony Stewart wins face-off versus Nate Thompson in Maple Leafs zone.
13:54 of 3rd period - Anthony Stewart is hit by Mika Zibanejad and loses puck.
13:59 of 3rd period - Slapshot by Kevin Shattenkirk.
13:59 of 3rd period - Shot Misses the Net.
16:17 of 3rd period - Kyle Clifford is hit by Viktor Arvidsson.
16:42 of 3rd period - Tyler Bozak is hit by Ben Smith and loses puck.
17:05 of 3rd period - Snap shot by Taylor Hall.
17:05 of 3rd period - Stopped by Keith Kinkaid with a rebound.
17:25 of 3rd period - Snap shot by Brayden Schenn.
17:25 of 3rd period - Deflect By Ben Smith.
17:25 of 3rd period - Goal by Ben Smith - Devils : 7 - Maple Leafs : 2.
17:26 of 3rd period - Jordan Staal wins face-off versus Tyler Seguin in neutral zone.
17:34 of 3rd period - Minor Penalty to Viktor Arvidsson for Hooking.
17:35 of 3rd period - Riley Sheahan wins face-off versus Jordan Staal in Devils zone.
17:47 of 3rd period - Snap shot by Patrick Kane.
17:47 of 3rd period - Stopped by Keith Kinkaid without a rebound.
17:48 of 3rd period - Riley Sheahan wins face-off versus Jordan Staal in Devils zone.
18:17 of 3rd period - Snap shot by Brayden Schenn.
18:17 of 3rd period - Goal by Brayden Schenn - Devils : 7 - Maple Leafs : 3.
18:18 of 3rd period - Tyler Seguin wins face-off versus Jordan Staal in neutral zone.
18:45 of 3rd period - Riley Sheahan is hit by Jake Guentzel and loses puck.
18:52 of 3rd period - Kellan Lain is hit by Hampus Lindholm and loses puck.
19:18 of 3rd period - Wrist shot by Taylor Hall.
19:18 of 3rd period - Stopped by Keith Kinkaid with a rebound.
Goals for this period are 2 for Devils vs 2 for Maple Leafs.
Shots for this period are 6 for Devils vs 11 for Maple Leafs.
Back to the Top